Checkers 1 vs Hershey Bears

Created - 8 janvier 2024 at 18:43

Goals
1 2 3 OT1 T
Checkers 1 0 1 0 0 1
Hershey Bears 0 0 1 1 2
Shots
1 2 3 OT1 T
Checkers 1 5 6 12 1 24
Hershey Bears 6 11 11 5 33

GoalsPenalties
1st period
No Goal
Alex Barré-Boulet (WAS) for Holding (Minor) at 12:07
Devante Stephens (FLO) for Tripping (Minor) at 19:45
2nd period
1. Checkers 1 , Bobby Trivigno 14 (Mitchell Stephens 35) at 14:15
No Penalty
3rd period
2. Hershey Bears , Alex Barré-Boulet 34 (Yegor Chinakhov 45) at 4:19
Devante Stephens (FLO) for High sticking (Minor) at 6:10
Givani Smith (FLO) for Charging (Minor) at 19:12
Overtime #1
3. Hershey Bears , Jeffrey Viel 15 (Gemel Smith 13) at 4:10
No Penalty
Goalie Stats
Kevin Poulin (FLO), 31 saves from 33 shots - (0,939), OTL, 14-8-4, 64:10 minutes
Magnus Hellberg (WAS), 23 saves from 24 shots - (0,958), W, 39-12-7, 64:10 minutes
3 StarsOfficial
1 - Jeffrey Viel (WAS)
2 - Alex Barré-Boulet (WAS)
3 - Magnus Hellberg (WAS)
Referees : Brandon Blandina and Brandon Schrader
Linesman : Lisa Linnek and Kendall Hanley
Game Note
18:18 of 1st period - Hershey Bears goal is going for a video replay. After video review, No Goal. The puck has entered the net after making contact with an attacking player’s stick that is above the height of the crossbar.



Team Name Goals Shots Shots Attemp Shots Blocked PIM HIT PP PK FO%
Checkers 1 12441116180 / 1 (0%)040%
Hershey Bears 2337272320 / 3 (0%)060%

Checkers 1
Player Name POS G A P +/- PIM HIT SHT SB MP PP MP PP SHT PK MP PK SHT FO% FOT GA TA
Alex GreenD000-100006:060:0000:0000% 000
Austin PoganskiRW0001033223:360:4100:0000% 210
Axel AnderssonD000-100006:060:0000:0000% 000
Bobby TrivignoLW1011014020:300:4102:400100% 112
Chase PriskieD0000000113:500:0000:0000% 000
Devante StephensD000-1400113:480:0000:0000% 000
Givani SmithLW/RW000-1211218:090:4501:340100% 101
Isaak PhillipsD0001021118:170:5602:1300% 000
Jack FinleyC0000014016:491:1800:00038% 800
Karson KuhlmanRW0000001015:350:0000:000100% 100
Martin ChromiakRW000-1010015:440:2401:53033% 300
Maxence GuenetteD0001002118:170:5602:1300% 001
Mitchell StephensC0111044227:300:5002:52038% 3211
Pavel DorofeyevC000-1011011:000:0000:48020% 500
Pierre-Cedric LabrieLW000-1030019:001:1800:3100% 010
Sean DayD0000011024:581:0303:4400% 002
Semyon Der-ArguchintsevC000-1001013:300:0000:24060% 511
Tobias BjornfotD0000001124:581:0303:4400% 010
Hershey Bears
Player Name POS G A P +/- PIM HIT SHT SB MP PP MP PP SHT PK MP PK SHT FO% FOT GA TA
A.J. GreerLW/RW0000002018:301:5801:0200% 000
Alex Barré-BouletC/LW/RW1010275219:392:4700:00062% 2601
Arber XhekajD000-1024027:152:2001:0600% 001
Brendan GaunceC/LW000001109:490:0000:1800% 000
Gemel SmithC011102208:310:0000:000100% 201
Gerry MayhewC/RW0000012017:001:5800:51067% 1520
Jeffrey VielLW1011062015:300:0000:0000% 100
Jonas RondbjergLW/RW0000002115:150:0000:000100% 100
Kaedan KorczakD0001020017:051:5500:5300% 000
Kevin RooneyC0000023018:180:0000:54040% 1000
Lukas ReichelLW/RW0000005018:492:4700:000100% 220
Mackenzie MacEachernLW/RW000002009:210:0000:1400% 000
Marc Del GaizoD0000020021:342:2500:0000% 010
Michael KarowD0002010014:300:0000:5300% 000
Philip BrobergD000-1015327:452:5001:0600% 011
Sean FarrellC/LW0000010015:431:5800:0000% 012
Vincent LorioD0000010117:350:0000:0000% 000
Yegor ChinakhovLW/RW0110010019:552:4700:3900% 110

Checkers 1

5 vs 5 Forward
Line #Left WingCenterRight WingPHYDFOFWanted %Time %Time Play
1Bobby TrivignoMitchell StephensAustin Poganski1224032%17:15
2Pierre-Cedric LabrieJack FinleyKarson Kuhlman1223030%15:48
3Givani SmithSemyon Der-ArguchintsevMartin Chromiak1222024%12:46
4Mitchell StephensPavel DorofeyevAustin Poganski1221014%7:27
5 vs 5 Defense
Line #DefenseDefensePHYDFOFWanted %Time %Time Play
1Tobias BjornfotSean Day1224038%20:11
2Isaak PhillipsMaxence Guenette1223028%15:07
3Chase PriskieDevante Stephens1222022%11:52
4Alex GreenAxel Andersson1221011%6:06
Power Play Forward
Line #Left WingCenterRight WingPHYDFOFWanted %Time %Time Play
1Bobby TrivignoMitchell StephensAustin Poganski1046034%0:41
2Pierre-Cedric LabrieJack FinleyMitchell Stephens1224066%1:18
Power Play Defense
Line #DefenseDefensePHYDFOFWanted %Time %Time Play
1Tobias BjornfotSean Day1226053%1:03
2Isaak PhillipsMaxence Guenette1224047%0:56
Penalty Kill 4 Players Forward
Line #CenterWingPHYDFOFWanted %Time %Time Play
1Mitchell StephensBobby Trivigno12260100%4:45
2Mitchell StephensPierre-Cedric Labrie122400%0:00
Penalty Kill 4 Players Defense
Line #DefenseDefensePHYDFOFWanted %Time %Time Play
1Tobias BjornfotSean Day1226067%3:10
2Isaak PhillipsMaxence Guenette1224033%1:35
Penalty Kill 3 Players
Line #WingPHYDFOFWanted %Time %Time PlayDefenseDefensePHYDFOFWanted %Time %Time Play
1Mitchell Stephens12260100%1:12 Tobias BjornfotSean Day1226047%0:34
2Mitchell Stephens122400%0:00 Isaak PhillipsMaxence Guenette1224053%0:38
4 vs 4 Forward
Line #CenterWingPHYDFOFWanted %Time %Time Play
1Mitchell StephensBobby Trivigno122600%0:00
2Bobby TrivignoPierre-Cedric Labrie122400%0:00
4 vs 4 Defense
Line #DefensePHYDFOFWanted %Time %Time Play
1Tobias BjornfotSean Day122600%0:00
2Isaak PhillipsMaxence Guenette122400%0:00
Last Minutes Offensive
Left WingCenterRight WingDefenseDefense
Bobby TrivignoMitchell StephensAustin PoganskiTobias BjornfotSean Day
Last Minutes Defensive
Left WingCenterRight WingDefenseDefense
Bobby TrivignoMitchell StephensAustin PoganskiTobias BjornfotSean Day
Time
Total ForwardTotal DefenseLast Minutes OffensiveLast Minutes Defensive
61:12 61:12 0:000:00
Extra Forwards
Normal PowerPlayPenalty Kill
Martin Chromiak, Bobby Trivigno, Pavel DorofeyevMartin Chromiak, Bobby TrivignoMartin Chromiak
Extra Defensemen
Normal PowerPlayPenalty Kill
Devante Stephens, Alex Green, Axel AnderssonDevante Stephens, Devante StephensAlex Green
Penalty Shots
Mitchell Stephens, Austin Poganski, Bobby Trivigno, Semyon Der-Arguchintsev, Martin Chromiak
Goalie
Kevin Poulin, Nolan Maier
Scratches
Mason Millman (Healthy), Luke Henman (Healthy), Andrei Bakanov (Healthy), Dmitry Ovchinnikov (Healthy), Mikael Pyyhtia (Healthy) Ryan Bednard (Healthy), Tommy Nappier (Healthy)

Hershey Bears

5 vs 5 Forward
Line #Left WingCenterRight WingPHYDFOFWanted %Time %Time Play
1Lukas ReichelAlex Barré-BouletYegor Chinakhov1223430%16:00
2Sean FarrellGerry MayhewA.J. Greer1223026%13:45
3Jeffrey VielKevin RooneyJonas Rondbjerg1222629%15:15
4Brendan GaunceGemel SmithMackenzie MacEachern1221016%8:16
5 vs 5 Defense
Line #DefenseDefensePHYDFOFWanted %Time %Time Play
1Philip BrobergArber Xhekaj1223942%22:20
2Marc Del GaizoVincent Lorio1223633%17:37
3Michael KarowKaedan Korczak1222524%12:39
4Philip BrobergArber Xhekaj12201%0:40
Power Play Forward
Line #Left WingCenterRight WingPHYDFOFWanted %Time %Time Play
1Lukas ReichelAlex Barré-BouletYegor Chinakhov0145459%2:47
2Sean FarrellGerry MayhewA.J. Greer1134641%1:58
Power Play Defense
Line #DefenseDefensePHYDFOFWanted %Time %Time Play
1Philip BrobergArber Xhekaj0145649%2:20
2Philip BrobergMarc Del Gaizo0144451%2:25
Penalty Kill 4 Players Forward
Line #CenterWingPHYDFOFWanted %Time %Time Play
1Alex Barré-BouletA.J. Greer1315267%1:20
2Kevin RooneyYegor Chinakhov1314833%0:39
Penalty Kill 4 Players Defense
Line #DefenseDefensePHYDFOFWanted %Time %Time Play
1Arber XhekajPhilip Broberg1405655%1:06
2Michael KarowKaedan Korczak1404445%0:53
Penalty Kill 3 Players
Line #WingPHYDFOFWanted %Time %Time PlayDefenseDefensePHYDFOFWanted %Time %Time Play
1Alex Barré-Boulet131540%0:00 Philip BrobergArber Xhekaj140560%0:00
2Kevin Rooney131460%0:00 Michael KarowKaedan Korczak140440%0:00
4 vs 4 Forward
Line #CenterWingPHYDFOFWanted %Time %Time Play
1Alex Barré-BouletYegor Chinakhov1225674%0:53
2Gerry MayhewLukas Reichel1224426%0:19
4 vs 4 Defense
Line #DefensePHYDFOFWanted %Time %Time Play
1Arber XhekajPhilip Broberg1225568%55% - 0:49
2Michael KarowMarc Del Gaizo1224532%45% - 0:23
Last Minutes Offensive
Left WingCenterRight WingDefenseDefense
Lukas ReichelAlex Barré-BouletYegor ChinakhovArber XhekajPhilip Broberg
Last Minutes Defensive
Left WingCenterRight WingDefenseDefense
A.J. GreerAlex Barré-BouletYegor ChinakhovPhilip BrobergArber Xhekaj
Time
Total ForwardTotal DefenseLast Minutes OffensiveLast Minutes Defensive
61:12 61:12 0:000:00
Extra Forwards
Normal PowerPlayPenalty Kill
Gerry Mayhew, Yegor Chinakhov, Lukas ReichelGerry Mayhew, Alex Barré-BouletGerry Mayhew
Extra Defensemen
Normal PowerPlayPenalty Kill
Philip Broberg, Arber Xhekaj, Michael KarowPhilip Broberg, Arber XhekajPhilip Broberg
Penalty Shots
Yegor Chinakhov, Lukas Reichel, Alex Barré-Boulet, Kevin Rooney, Gerry Mayhew
Goalie
Magnus Hellberg, Mack Guzda
Scratches
Brandon Hickey (Healthy), Cameron Hebig (Healthy), Gustav Olofsson (Healthy), Alan Quine (Healthy), Ryan Carpenter (Groin Injury) Jan Mysak (Healthy), Kyle Olson (Healthy), Mason Primeau (Healthy), Eduards Tralmaks (Healthy), Noel Gunler (Healthy) Daniel Torgersson (Healthy), Ole Julian Bjorgvik-Holm (Healthy), Antoine Bibeau (Healthy), Kyle Keyser (Healthy)


Play-by-Play

1st period


0:01 of 1st period - Mitchell Stephens wins face-off versus Alex Barré-Boulet in neutral zone.
0:34 of 1st period - Arber Xhekaj is hit by Sean Day and loses puck.
1:51 of 1st period - Slapshot by Gerry Mayhew.
1:51 of 1st period - Deflect By Sean Farrell.
1:51 of 1st period - Shot Blocked by Devante Stephens.
1:51 of 1st period - Puck is out of play.
1:52 of 1st period - Semyon Der-Arguchintsev wins face-off versus Jeffrey Viel in Checkers 1 zone.
1:52 of 1st period - Semyon Der-Arguchintsev is hit by Michael Karow.
2:46 of 1st period - Wrist shot by Mitchell Stephens.
2:46 of 1st period - Stopped by Magnus Hellberg with a rebound.
3:36 of 1st period - Wrist shot by Jonas Rondbjerg.
3:36 of 1st period - Stopped by Kevin Poulin with a rebound.
4:05 of 1st period - Gerry Mayhew is hit by Mitchell Stephens and loses puck.
4:29 of 1st period - Snap shot by Karson Kuhlman.
4:29 of 1st period - Shot Hit the Post.
4:31 of 1st period - Snap shot by Jack Finley.
4:31 of 1st period - Stopped by Magnus Hellberg without a rebound.
4:32 of 1st period - Alex Barré-Boulet wins face-off versus Jack Finley in Hershey Bears zone.
4:32 of 1st period - Alex Barré-Boulet is hit by Isaak Phillips.
5:24 of 1st period - Alex Green is hit by Jeffrey Viel and loses puck.
5:46 of 1st period - Alex Green is hit by Mackenzie MacEachern and loses puck.
6:00 of 1st period - Off-side.
6:01 of 1st period - Gerry Mayhew wins face-off versus Jack Finley in neutral zone.
6:26 of 1st period - Martin Chromiak is hit by Alex Barré-Boulet and loses puck.
6:35 of 1st period - Wrist shot by Semyon Der-Arguchintsev.
6:35 of 1st period - Stopped by Magnus Hellberg without a rebound.
6:36 of 1st period - Mitchell Stephens wins face-off versus Kevin Rooney in Hershey Bears zone.
6:43 of 1st period - Snap shot by Bobby Trivigno.
6:43 of 1st period - Shot Blocked by Philip Broberg.
7:14 of 1st period - Wrist shot by Jack Finley.
7:14 of 1st period - Shot Blocked by Alex Barré-Boulet.
7:28 of 1st period - Wrist shot by Givani Smith.
7:28 of 1st period - Shot Misses the Net.
7:50 of 1st period - Wrist shot by Gemel Smith.
7:50 of 1st period - Stopped by Kevin Poulin with a rebound.
8:32 of 1st period - Devante Stephens is hit by Alex Barré-Boulet and loses puck.
8:49 of 1st period - Sean Farrell is hit by Mitchell Stephens and loses puck.
9:04 of 1st period - Maxence Guenette is hit by Mackenzie MacEachern and loses puck.
9:19 of 1st period - Brendan Gaunce is hit by Pierre-Cedric Labrie and loses puck.
9:33 of 1st period - Wrist shot by Jeffrey Viel.
9:33 of 1st period - Shot Misses the Net.
9:37 of 1st period - Snap shot by Kevin Rooney.
9:37 of 1st period - Shot Blocked by Mitchell Stephens.
9:39 of 1st period - Wrist shot by Jonas Rondbjerg.
9:39 of 1st period - Shot Misses the Net.
9:43 of 1st period - Wrist shot by Jonas Rondbjerg.
9:43 of 1st period - Shot Misses the Net.
9:59 of 1st period - Wrist shot by Sean Farrell.
9:59 of 1st period - Shot Misses the Net.
10:01 of 1st period - Snap shot by A.J. Greer.
10:01 of 1st period - Shot Blocked by Austin Poganski.
10:03 of 1st period - Slapshot by Kaedan Korczak.
10:03 of 1st period - Shot Misses the Net.
10:05 of 1st period - Snap shot by Michael Karow.
10:05 of 1st period - Shot Blocked by Austin Poganski.
10:35 of 1st period - Givani Smith is hit by Arber Xhekaj and loses puck.
11:07 of 1st period - Karson Kuhlman is hit by Arber Xhekaj and loses puck.
12:07 of 1st period - Minor Penalty to Alex Barré-Boulet for Holding.
12:08 of 1st period - Gerry Mayhew wins face-off versus Mitchell Stephens in Hershey Bears zone.
13:35 of 1st period - Yegor Chinakhov is hit by Pierre-Cedric Labrie and loses puck.
14:07 of 1st period - Penalty to Alex Barré-Boulet is over, Alex Barré-Boulet is back on ice.
14:30 of 1st period - Snap shot by Jack Finley.
14:30 of 1st period - Stopped by Magnus Hellberg without a rebound.
14:31 of 1st period - Mitchell Stephens wins face-off versus Alex Barré-Boulet in Hershey Bears zone.
14:42 of 1st period - Wrist shot by Bobby Trivigno.
14:42 of 1st period - Stopped by Magnus Hellberg with a rebound.
14:44 of 1st period - Slapshot by Mitchell Stephens.
14:44 of 1st period - Shot Blocked by Alex Barré-Boulet.
14:51 of 1st period - Icing by Lukas Reichel.
14:52 of 1st period - Gerry Mayhew wins face-off versus Pavel Dorofeyev in Hershey Bears zone.
16:16 of 1st period - Snap shot by Alex Barré-Boulet.
16:16 of 1st period - Stopped by Kevin Poulin without a rebound.
16:17 of 1st period - Gerry Mayhew wins face-off versus Martin Chromiak in Checkers 1 zone.
16:18 of 1st period - Snap shot by A.J. Greer.
16:18 of 1st period - Stopped by Kevin Poulin without a rebound.
16:19 of 1st period - Gerry Mayhew wins face-off versus Semyon Der-Arguchintsev in Checkers 1 zone.
16:51 of 1st period - Wrist shot by Alex Barré-Boulet.
16:51 of 1st period - Shot Misses the Net.
16:54 of 1st period - Icing by Austin Poganski.
16:55 of 1st period - Gerry Mayhew wins face-off versus Austin Poganski in Checkers 1 zone.
17:06 of 1st period - Wrist shot by Gerry Mayhew.
17:06 of 1st period - Stopped by Kevin Poulin without a rebound.
17:07 of 1st period - Jack Finley wins face-off versus Alex Barré-Boulet in Checkers 1 zone.
17:35 of 1st period - Sean Day is hit by Jeffrey Viel and loses puck.
18:00 of 1st period - Slapshot by Gerry Mayhew.
18:00 of 1st period - Shot Misses the Net.
18:02 of 1st period - Snap shot by Gerry Mayhew.
18:02 of 1st period - Deflect By Sean Farrell.
18:02 of 1st period - Shot Misses the Net.
18:02 of 1st period - Puck is out of play.
18:03 of 1st period - Mitchell Stephens wins face-off versus Gerry Mayhew in Checkers 1 zone.
18:14 of 1st period - Slapshot by Gerry Mayhew.
18:14 of 1st period - Shot Blocked by Mitchell Stephens.
18:18 of 1st period - Snap shot by Gerry Mayhew.
18:18 of 1st period - Hershey Bears goal is going for a video replay.
18:18 of 1st period - The goal is refused. The puck has entered the net after making contact with an attacking player’s stick that is above the height of the crossbar..
18:19 of 1st period - Alex Barré-Boulet wins face-off versus Jack Finley in Checkers 1 zone.
19:10 of 1st period - Snap shot by Sean Farrell.
19:10 of 1st period - Shot Misses the Net.
19:12 of 1st period - Slapshot by Vincent Lorio.
19:12 of 1st period - Shot Blocked by Givani Smith.
19:45 of 1st period - Minor Penalty to Devante Stephens for Tripping.
19:46 of 1st period - Bobby Trivigno wins face-off versus Alex Barré-Boulet in Checkers 1 zone.
Goals for this period are 0 for Checkers 1 vs 0 for Hershey Bears.
Shots for this period are 5 for Checkers 1 vs 6 for Hershey Bears.

2nd period


0:01 of 2nd period - Alex Barré-Boulet wins face-off versus Mitchell Stephens in neutral zone.
0:03 of 2nd period - Off-side.
0:04 of 2nd period - Alex Barré-Boulet wins face-off versus Mitchell Stephens in neutral zone.
1:45 of 2nd period - Penalty to Devante Stephens is over, Devante Stephens is back on ice.
1:55 of 2nd period - Slapshot by Karson Kuhlman.
1:55 of 2nd period - Shot Blocked by Jonas Rondbjerg.
1:59 of 2nd period - Wrist shot by Karson Kuhlman.
1:59 of 2nd period - Stopped by Magnus Hellberg with a rebound.
2:28 of 2nd period - Mackenzie MacEachern is hit by Mitchell Stephens and loses puck.
4:02 of 2nd period - Austin Poganski is hit by Gemel Smith and loses puck.
4:33 of 2nd period - Wrist shot by Lukas Reichel.
4:33 of 2nd period - Stopped by Kevin Poulin without a rebound.
4:34 of 2nd period - Semyon Der-Arguchintsev wins face-off versus Kevin Rooney in Checkers 1 zone.
5:26 of 2nd period - Lukas Reichel is hit by Martin Chromiak.
5:44 of 2nd period - Snap shot by Karson Kuhlman.
5:44 of 2nd period - Shot Misses the Net.
6:48 of 2nd period - Slapshot by Arber Xhekaj.
6:48 of 2nd period - Deflect By Chase Priskie.
6:48 of 2nd period - Stopped by Kevin Poulin without a rebound.
6:49 of 2nd period - Givani Smith wins face-off versus Yegor Chinakhov in Checkers 1 zone.
7:00 of 2nd period - Snap shot by Lukas Reichel.
7:00 of 2nd period - Deflect By Semyon Der-Arguchintsev.
7:00 of 2nd period - Stopped by Kevin Poulin without a rebound.
7:01 of 2nd period - Alex Barré-Boulet wins face-off versus Mitchell Stephens in Checkers 1 zone.
7:02 of 2nd period - Slapshot by Lukas Reichel.
7:02 of 2nd period - Shot Misses the Net.
7:04 of 2nd period - Wrist shot by Lukas Reichel.
7:04 of 2nd period - Stopped by Kevin Poulin with a rebound.
7:06 of 2nd period - Wrist shot by Lukas Reichel.
7:06 of 2nd period - Shot Misses the Net.
7:10 of 2nd period - Snap shot by Alex Barré-Boulet.
7:10 of 2nd period - Stopped by Kevin Poulin without a rebound.
7:11 of 2nd period - Mitchell Stephens wins face-off versus Alex Barré-Boulet in Checkers 1 zone.
7:16 of 2nd period - Wrist shot by Lukas Reichel.
7:16 of 2nd period - Shot Misses the Net.
7:18 of 2nd period - Wrist shot by Lukas Reichel.
7:18 of 2nd period - Stopped by Kevin Poulin without a rebound.
7:19 of 2nd period - Mitchell Stephens wins face-off versus Alex Barré-Boulet in Checkers 1 zone.
7:19 of 2nd period - Mitchell Stephens is hit by Yegor Chinakhov.
7:25 of 2nd period - Slapshot by Tobias Bjornfot.
7:25 of 2nd period - Deflect By Bobby Trivigno.
7:25 of 2nd period - Stopped by Magnus Hellberg with a rebound.
7:54 of 2nd period - Slapshot by Gerry Mayhew.
7:54 of 2nd period - Shot Misses the Net.
8:12 of 2nd period - Wrist shot by Brendan Gaunce.
8:12 of 2nd period - Shot Misses the Net.
8:28 of 2nd period - Snap shot by Jeffrey Viel.
8:28 of 2nd period - Deflect By Kevin Rooney.
8:28 of 2nd period - Stopped by Kevin Poulin without a rebound.
8:29 of 2nd period - Jonas Rondbjerg wins face-off versus Austin Poganski in Checkers 1 zone.
8:32 of 2nd period - Snap shot by Jeffrey Viel.
8:32 of 2nd period - Stopped by Kevin Poulin with a rebound.
9:25 of 2nd period - Givani Smith is hit by Vincent Lorio and loses puck.
10:03 of 2nd period - Snap shot by Brendan Gaunce.
10:03 of 2nd period - Stopped by Kevin Poulin with a rebound.
10:25 of 2nd period - Slapshot by Alex Barré-Boulet.
10:25 of 2nd period - Shot Misses the Net.
10:27 of 2nd period - Backhand shot by Alex Barré-Boulet.
10:27 of 2nd period - Stopped by Kevin Poulin without a rebound.
10:28 of 2nd period - Alex Barré-Boulet wins face-off versus Mitchell Stephens in Checkers 1 zone.
11:23 of 2nd period - Off-side.
11:24 of 2nd period - Lukas Reichel wins face-off versus Mitchell Stephens in neutral zone.
12:28 of 2nd period - Wrist shot by Mitchell Stephens.
12:28 of 2nd period - Stopped by Magnus Hellberg with a rebound.
13:13 of 2nd period - Snap shot by Pavel Dorofeyev.
13:13 of 2nd period - Deflect By Austin Poganski.
13:13 of 2nd period - Stopped by Magnus Hellberg without a rebound.
13:14 of 2nd period - Gerry Mayhew wins face-off versus Pavel Dorofeyev in Hershey Bears zone.
13:21 of 2nd period - Tobias Bjornfot is hit by Gerry Mayhew and loses puck.
13:40 of 2nd period - Tobias Bjornfot is hit by Alex Barré-Boulet and loses puck.
14:11 of 2nd period - Icing by Michael Karow.
14:12 of 2nd period - Mitchell Stephens wins face-off versus Kevin Rooney in Hershey Bears zone.
14:13 of 2nd period - Snap shot by Austin Poganski.
14:13 of 2nd period - Deflect By Mitchell Stephens.
14:13 of 2nd period - Stopped by Magnus Hellberg without a rebound.
14:14 of 2nd period - Mitchell Stephens wins face-off versus Alex Barré-Boulet in Hershey Bears zone.
14:15 of 2nd period - Wrist shot by Bobby Trivigno.
14:15 of 2nd period - Goal by Bobby Trivigno - Checkers 1 : 1 - Hershey Bears : 0.
14:16 of 2nd period - Alex Barré-Boulet wins face-off versus Mitchell Stephens in neutral zone.
14:20 of 2nd period - Philip Broberg is hit by Austin Poganski.
14:22 of 2nd period - Snap shot by Lukas Reichel.
14:22 of 2nd period - Shot Misses the Net.
14:45 of 2nd period - Off-side.
14:46 of 2nd period - Mitchell Stephens wins face-off versus Gerry Mayhew in neutral zone.
16:13 of 2nd period - Slapshot by Kevin Rooney.
16:13 of 2nd period - Shot Misses the Net.
17:45 of 2nd period - Jeffrey Viel is hit by Jack Finley and loses puck.
18:04 of 2nd period - Karson Kuhlman is hit by Gemel Smith and loses puck.
18:23 of 2nd period - Chase Priskie is hit by Jeffrey Viel.
18:27 of 2nd period - Semyon Der-Arguchintsev is hit by Jeffrey Viel and loses puck.
18:42 of 2nd period - Mitchell Stephens is hit by Marc Del Gaizo and loses puck.
19:28 of 2nd period - Snap shot by Jonas Rondbjerg.
19:28 of 2nd period - Stopped by Kevin Poulin with a rebound.
Goals for this period are 1 for Checkers 1 vs 0 for Hershey Bears.
Shots for this period are 6 for Checkers 1 vs 11 for Hershey Bears.

3rd period


0:01 of 3rd period - Mitchell Stephens wins face-off versus Alex Barré-Boulet in neutral zone.
0:26 of 3rd period - Philip Broberg is hit by Pierre-Cedric Labrie and loses puck.
0:53 of 3rd period - Snap shot by Givani Smith.
0:53 of 3rd period - Deflect By Martin Chromiak.
0:53 of 3rd period - Shot Misses the Net.
0:53 of 3rd period - Puck is out of play.
0:54 of 3rd period - Alex Barré-Boulet wins face-off versus Mitchell Stephens in Hershey Bears zone.
1:03 of 3rd period - Slapshot by Austin Poganski.
1:03 of 3rd period - Stopped by Magnus Hellberg without a rebound.
1:04 of 3rd period - Lukas Reichel wins face-off versus Mitchell Stephens in Hershey Bears zone.
1:09 of 3rd period - Alex Barré-Boulet is hit by Mitchell Stephens.
1:25 of 3rd period - Slapshot by Alex Barré-Boulet.
1:25 of 3rd period - Shot Misses the Net.
1:31 of 3rd period - Michael Karow is hit by Bobby Trivigno.
1:44 of 3rd period - Slapshot by Maxence Guenette.
1:44 of 3rd period - Deflect By Austin Poganski.
1:44 of 3rd period - Stopped by Magnus Hellberg without a rebound.
1:45 of 3rd period - Jack Finley wins face-off versus Gerry Mayhew in Hershey Bears zone.
2:12 of 3rd period - Maxence Guenette is hit by Kevin Rooney and loses puck.
2:25 of 3rd period - Snap shot by Jeffrey Viel.
2:25 of 3rd period - Shot Blocked by Isaak Phillips.
3:41 of 3rd period - Snap shot by Jeffrey Viel.
3:41 of 3rd period - Shot Blocked by Chase Priskie.
4:07 of 3rd period - Snap shot by Gemel Smith.
4:07 of 3rd period - Stopped by Kevin Poulin with a rebound.
4:19 of 3rd period - Wrist shot by Alex Barré-Boulet.
4:19 of 3rd period - Goal by Alex Barré-Boulet - Checkers 1 : 1 - Hershey Bears : 1.
4:20 of 3rd period - Gerry Mayhew wins face-off versus Mitchell Stephens in neutral zone.
4:49 of 3rd period - Snap shot by Kevin Rooney.
4:49 of 3rd period - Shot Hit the Post.
5:21 of 3rd period - Wrist shot by Mitchell Stephens.
5:21 of 3rd period - Shot Misses the Net.
5:23 of 3rd period - Wrist shot by Bobby Trivigno.
5:23 of 3rd period - Stopped by Magnus Hellberg with a rebound.
5:25 of 3rd period - Snap shot by Sean Day.
5:25 of 3rd period - Stopped by Magnus Hellberg without a rebound.
5:26 of 3rd period - Jack Finley wins face-off versus Gerry Mayhew in Hershey Bears zone.
5:27 of 3rd period - Snap shot by Karson Kuhlman.
5:27 of 3rd period - Shot Blocked by Philip Broberg.
5:35 of 3rd period - Wrist shot by Gerry Mayhew.
5:35 of 3rd period - Shot Blocked by Maxence Guenette.
5:37 of 3rd period - Snap shot by Philip Broberg.
5:37 of 3rd period - Stopped by Kevin Poulin with a rebound.
5:39 of 3rd period - Wrist shot by Gerry Mayhew.
5:39 of 3rd period - Shot Misses the Net.
5:41 of 3rd period - Wrist shot by Arber Xhekaj.
5:41 of 3rd period - Stopped by Kevin Poulin with a rebound.
6:10 of 3rd period - Minor Penalty to Devante Stephens for High sticking.
6:11 of 3rd period - Alex Barré-Boulet wins face-off versus Mitchell Stephens in Checkers 1 zone.
7:16 of 3rd period - A.J. Greer is hit by Givani Smith and loses puck.
7:35 of 3rd period - Givani Smith is hit by Kaedan Korczak and loses puck.
8:10 of 3rd period - Penalty to Devante Stephens is over, Devante Stephens is back on ice.
8:22 of 3rd period - Mitchell Stephens is hit by Jeffrey Viel and loses puck.
8:33 of 3rd period - Slapshot by Sean Day.
8:33 of 3rd period - Shot Blocked by Vincent Lorio.
8:39 of 3rd period - Devante Stephens is hit by Brendan Gaunce.
8:45 of 3rd period - Slapshot by Sean Day.
8:45 of 3rd period - Shot Misses the Net.
9:07 of 3rd period - Slapshot by Givani Smith.
9:07 of 3rd period - Stopped by Magnus Hellberg without a rebound.
9:08 of 3rd period - Gerry Mayhew wins face-off versus Jack Finley in Hershey Bears zone.
9:08 of 3rd period - Gerry Mayhew is hit by Isaak Phillips.
9:35 of 3rd period - Brendan Gaunce is hit by Austin Poganski and loses puck.
10:04 of 3rd period - Alex Barré-Boulet is hit by Austin Poganski and loses puck.
11:07 of 3rd period - Icing by Isaak Phillips.
11:08 of 3rd period - Alex Barré-Boulet wins face-off versus Pavel Dorofeyev in Checkers 1 zone.
11:11 of 3rd period - Backhand shot by Yegor Chinakhov.
11:11 of 3rd period - Shot Misses the Net.
11:13 of 3rd period - Slapshot by Arber Xhekaj.
11:13 of 3rd period - Stopped by Kevin Poulin with a rebound.
11:15 of 3rd period - Slapshot by Philip Broberg.
11:15 of 3rd period - Stopped by Kevin Poulin without a rebound.
11:16 of 3rd period - Alex Barré-Boulet wins face-off versus Jack Finley in Checkers 1 zone.
11:27 of 3rd period - Snap shot by Lukas Reichel.
11:27 of 3rd period - Stopped by Kevin Poulin with a rebound.
11:29 of 3rd period - Snap shot by Philip Broberg.
11:29 of 3rd period - Stopped by Kevin Poulin without a rebound.
11:30 of 3rd period - Gerry Mayhew wins face-off versus Mitchell Stephens in Checkers 1 zone.
11:37 of 3rd period - Austin Poganski is hit by Sean Farrell and loses puck.
12:01 of 3rd period - Jack Finley is hit by Alex Barré-Boulet and loses puck.
12:39 of 3rd period - Icing by Vincent Lorio.
12:40 of 3rd period - Gemel Smith wins face-off versus Pavel Dorofeyev in Hershey Bears zone.
12:49 of 3rd period - Icing by Mackenzie MacEachern.
12:50 of 3rd period - Gemel Smith wins face-off versus Mitchell Stephens in Hershey Bears zone.
13:05 of 3rd period - Austin Poganski is hit by Marc Del Gaizo and loses puck.
13:09 of 3rd period - Icing by Austin Poganski.
13:10 of 3rd period - Mitchell Stephens wins face-off versus Alex Barré-Boulet in Checkers 1 zone.
13:10 of 3rd period - Mitchell Stephens is hit by Alex Barré-Boulet.
13:15 of 3rd period - Off-side.
13:16 of 3rd period - Alex Barré-Boulet wins face-off versus Mitchell Stephens in neutral zone.
13:43 of 3rd period - Wrist shot by Jack Finley.
13:43 of 3rd period - Stopped by Magnus Hellberg with a rebound.
13:45 of 3rd period - Snap shot by Maxence Guenette.
13:45 of 3rd period - Stopped by Magnus Hellberg with a rebound.
13:47 of 3rd period - Slapshot by Isaak Phillips.
13:47 of 3rd period - Stopped by Magnus Hellberg with a rebound.
14:02 of 3rd period - Off-side.
14:03 of 3rd period - Semyon Der-Arguchintsev wins face-off versus Kevin Rooney in neutral zone.
14:06 of 3rd period - Snap shot by Tobias Bjornfot.
14:06 of 3rd period - Stopped by Magnus Hellberg with a rebound.
14:08 of 3rd period - Snap shot by Martin Chromiak.
14:08 of 3rd period - Deflect By Givani Smith.
14:08 of 3rd period - Shot Misses the Net.
14:08 of 3rd period - Puck is out of play.
14:09 of 3rd period - Alex Barré-Boulet wins face-off versus Mitchell Stephens in Hershey Bears zone.
14:22 of 3rd period - Tobias Bjornfot is hit by Alex Barré-Boulet and loses puck.
14:39 of 3rd period - Slapshot by Jack Finley.
14:39 of 3rd period - Stopped by Magnus Hellberg without a rebound.
14:40 of 3rd period - Karson Kuhlman wins face-off versus Gerry Mayhew in Hershey Bears zone.
14:41 of 3rd period - Backhand shot by Jack Finley.
14:41 of 3rd period - Shot Blocked by Philip Broberg.
15:05 of 3rd period - Isaak Phillips is hit by Kevin Rooney and loses puck.
15:28 of 3rd period - Slapshot by Maxence Guenette.
15:28 of 3rd period - Stopped by Magnus Hellberg with a rebound.
15:30 of 3rd period - Wrist shot by Bobby Trivigno.
15:30 of 3rd period - Deflect By Mitchell Stephens.
15:30 of 3rd period - Stopped by Magnus Hellberg without a rebound.
15:31 of 3rd period - Alex Barré-Boulet wins face-off versus Mitchell Stephens in Hershey Bears zone.
15:53 of 3rd period - Slapshot by Yegor Chinakhov.
15:53 of 3rd period - Deflect By Lukas Reichel.
15:53 of 3rd period - Shot Misses the Net.
15:53 of 3rd period - Puck is out of play.
15:54 of 3rd period - Kevin Rooney wins face-off versus Semyon Der-Arguchintsev in Checkers 1 zone.
15:59 of 3rd period - Snap shot by Kevin Rooney.
15:59 of 3rd period - Stopped by Kevin Poulin with a rebound.
16:29 of 3rd period - Icing by Tobias Bjornfot.
16:30 of 3rd period - Mitchell Stephens wins face-off versus Kevin Rooney in Checkers 1 zone.
16:35 of 3rd period - Slapshot by Tobias Bjornfot.
16:35 of 3rd period - Deflect By Bobby Trivigno.
16:35 of 3rd period - Shot Misses the Net.
16:35 of 3rd period - Puck is out of play.
16:36 of 3rd period - Pavel Dorofeyev wins face-off versus Kevin Rooney in Hershey Bears zone.
16:37 of 3rd period - Backhand shot by Austin Poganski.
16:37 of 3rd period - Shot Misses the Net.
16:57 of 3rd period - Austin Poganski is hit by Philip Broberg and loses puck.
17:12 of 3rd period - Slapshot by Philip Broberg.
17:12 of 3rd period - Stopped by Kevin Poulin with a rebound.
17:22 of 3rd period - Wrist shot by Mitchell Stephens.
17:22 of 3rd period - Shot Misses the Net.
19:00 of 3rd period - Snap shot by Kevin Rooney.
19:00 of 3rd period - Deflect By Jonas Rondbjerg.
19:00 of 3rd period - Shot Misses the Net.
19:00 of 3rd period - Puck is out of play.
19:01 of 3rd period - Alex Barré-Boulet wins face-off versus Martin Chromiak in Checkers 1 zone.
19:10 of 3rd period - Wrist shot by Alex Barré-Boulet.
19:10 of 3rd period - Stopped by Kevin Poulin with a rebound.
19:12 of 3rd period - Minor Penalty to Givani Smith for Charging.
19:13 of 3rd period - Martin Chromiak wins face-off versus Alex Barré-Boulet in Checkers 1 zone.
19:13 of 3rd period - Martin Chromiak is hit by Alex Barré-Boulet.
Goals for this period are 0 for Checkers 1 vs 1 for Hershey Bears.
Shots for this period are 12 for Checkers 1 vs 11 for Hershey Bears.

Overtime #1


0:01 of 1st overtime period - Alex Barré-Boulet wins face-off versus Mitchell Stephens in neutral zone.
0:08 of 1st overtime period - Snap shot by Alex Barré-Boulet.
0:08 of 1st overtime period - Shot Misses the Net.
0:10 of 1st overtime period - Slapshot by Yegor Chinakhov.
0:10 of 1st overtime period - Shot Blocked by Tobias Bjornfot.
0:12 of 1st overtime period - Wrist shot by Arber Xhekaj.
0:12 of 1st overtime period - Stopped by Kevin Poulin with a rebound.
0:14 of 1st overtime period - Slapshot by Philip Broberg.
0:14 of 1st overtime period - Stopped by Kevin Poulin with a rebound.
0:16 of 1st overtime period - Slapshot by Philip Broberg.
0:16 of 1st overtime period - Shot Misses the Net.
1:12 of 1st overtime period - Penalty to Givani Smith is over, Givani Smith is back on ice.
1:27 of 1st overtime period - Wrist shot by Pavel Dorofeyev.
1:27 of 1st overtime period - Stopped by Magnus Hellberg with a rebound.
1:33 of 1st overtime period - Slapshot by Marc Del Gaizo.
1:33 of 1st overtime period - Deflect By A.J. Greer.
1:33 of 1st overtime period - Shot Misses the Net.
1:33 of 1st overtime period - Puck is out of play.
1:34 of 1st overtime period - Kevin Rooney wins face-off versus Mitchell Stephens in Checkers 1 zone.
1:49 of 1st overtime period - Slapshot by Kaedan Korczak.
1:49 of 1st overtime period - Deflect By A.J. Greer.
1:49 of 1st overtime period - Shot Misses the Net.
1:49 of 1st overtime period - Puck is out of play.
1:50 of 1st overtime period - Kevin Rooney wins face-off versus Mitchell Stephens in Checkers 1 zone.
2:01 of 1st overtime period - Slapshot by A.J. Greer.
2:01 of 1st overtime period - Stopped by Kevin Poulin without a rebound.
2:02 of 1st overtime period - Kevin Rooney wins face-off versus Mitchell Stephens in Checkers 1 zone.
2:09 of 1st overtime period - Wrist shot by Kevin Rooney.
2:09 of 1st overtime period - Stopped by Kevin Poulin with a rebound.
2:11 of 1st overtime period - Slapshot by A.J. Greer.
2:11 of 1st overtime period - Shot Blocked by Givani Smith.
2:13 of 1st overtime period - Snap shot by A.J. Greer.
2:13 of 1st overtime period - Shot Misses the Net.
2:38 of 1st overtime period - Kaedan Korczak is hit by Pavel Dorofeyev.
2:54 of 1st overtime period - Devante Stephens is hit by Kaedan Korczak and loses puck.
3:58 of 1st overtime period - Pierre-Cedric Labrie is hit by Jeffrey Viel.
4:10 of 1st overtime period - Snap shot by Jeffrey Viel.
4:10 of 1st overtime period - Goal by Jeffrey Viel - Checkers 1 : 1 - Hershey Bears : 2.
Goals for this period are 0 for Checkers 1 vs 1 for Hershey Bears.
Shots for this period are 1 for Checkers 1 vs 5 for Hershey Bears.